 Dungeon Crawl Stone Soup version 0.23.2-1-ga50397a (webtiles) character file.

Game seed: 10983431546743483663

40 Mgcat the Ogre Mage (level 3, 0/35 HPs)
             Began as an Ogre Wizard on May 6, 2019.
             Was an Initiate of Ashenzari.
             Succumbed to Robin's poison
             ... on level 1 of the Dungeon.
             The game lasted 00:04:09 (1465 turns).

Mgcat the Ogre Mage (Ogre Wizard)                   Turns: 1465, Time: 00:04:10

Health: 0/35       AC:  4    Str: 11    XL:     3   Next: 50%
Magic:  1/8        EV: 10    Int: 20    God:    Ashenzari [......]
Gold:   76         SH:  0    Dex:  7    Spells: 6/10 levels left

rFire    + . .     SeeInvis .   c - +0 spear
rCold    + . .     Gourm    .   (no shield)
rNeg     . . .     Faith    .   a - +0 robe
rPois    +         Spirit   .   b - +1 hat
rElec    +         Reflect  .   (no cloak)
rCorr    +         Harm     .   (gloves unavailable)
MR       .....                  (boots unavailable)
Stlth    +.........             (no amulet)
HPRegen  0.11/turn              (no ring)
MPRegen  0.11/turn              (no ring)

@: lethally poisoned (0 -> -28), resistant
A: large, unfitting armour, tough skin 1
a: Curse Item, Renounce Religion


You were on level 1 of the Dungeon.
You worshipped Ashenzari.
Ashenzari was noncommittal.
You were not hungry.

You visited 1 branch of the dungeon, and saw 2 of its levels.

You collected 76 gold pieces.

Inventory:

Hand Weapons
 c - a +0 spear (weapon)
   (You found it on level 1 of the Dungeon)
Armour
 a - a +0 robe (worn)
 b - a +1 hat (worn)
Scrolls
 e - 4 scrolls of identify
Potions
 h - a potion of resistance
Comestibles
 d - 4 rations
 f - 7 chunks of flesh {@w0}


   Skills:
 + Level 2.2 Fighting
 - Level 1.7 Dodging
 - Level 1.4 Stealth
 + Level 4.2 Spellcasting
 + Level 1.7 Conjurations
   Level 0.8 Summonings
   Level 0.8 Translocations


You had 6 spell levels left.
You knew the following spells:

 Your Spells              Type           Power        Failure   Level  Hunger
a - Magic Dart            Conj           ##..         6%          1    None
b - Conjure Flame         Conj/Fire      #.......     26%         3    ###....

Your spell library contained the following spells:

 Spells                   Type           Power        Failure   Level  Hunger
 Blink                    Tloc           N/A          14%         2    #......
 Call Imp                 Summ           #.......     14%         2    #......
 Slow                     Hex            #.......     19%         2    #......
 Mephitic Cloud           Conj/Pois/Air  #.......     30%         3    ###....


Dungeon Overview and Level Annotations

Branches:
Dungeon (2/15)

Altars:
Ashenzari

Annotations:
D:1 Robin


Innate Abilities, Weirdness & Mutations

You are too large for most types of armour.
You have tough skin. (AC +1)


Message History

You take 1 damage, and have 22/35 hp.
You now have 6/8 mp.
Casting: Magic Dart (safe; 6% risk of failure)
Confirm with . or Enter, or press ? or * to list all spells.
Aiming: Magic Dart (safe; 6% risk of failure)
Press: ? - help, Shift-Dir - straight line, f/p - goblin
Aim: a goblin (severely wounded, unusually strong)
The magic dart hits the goblin.
You kill the goblin!
You feel sick. The goblin completely misses you.
Robin hits you but does no damage.
You are more poisoned.
You take 1 damage, and have 21/35 hp.
You now have 5/8 mp.
Casting: Magic Dart (safe; 6% risk of failure)
Confirm with . or Enter, or press ? or * to list all spells.
Aiming: Magic Dart (safe; 6% risk of failure)
Press: ? - help, Shift-Dir - straight line, f - goblin
Aim: a goblin (unusually strong)
The magic dart hits the goblin.
You kill the goblin!
You feel sick. Robin closely misses you.
You take 1 damage, and have 20/35 hp.
You now have 4/8 mp.
Casting: Magic Dart (safe; 6% risk of failure)
Confirm with . or Enter, or press ? or * to list all spells.
Aiming: Magic Dart (safe; 6% risk of failure)
Press: ? - help, Shift-Dir - straight line, f - Robin
Aim: Robin, wielding a +2 spear of venom, wearing a +0 animal skin and wearing a +0 helmet The magic dart hits Robin but does no damage.
You feel sick. Robin hits you but does no damage.
You are lethally poisoned!
You take 1 damage, and have 19/35 hp.
You now have 3/8 mp.
Casting: Magic Dart (safe; 6% risk of failure)
Confirm with . or Enter, or press ? or * to list all spells.
Aiming: Magic Dart (safe; 6% risk of failure)
Press: ? - help, Shift-Dir - straight line, f/p - Robin
Aim: Robin, wielding a +2 spear of venom, wearing a +0 animal skin and wearing a +0 helmet The magic dart hits Robin.
Robin is moderately wounded.
You feel sick.
Robin hits you with a +2 spear of venom.
You take 4 damage, and have 15/35 hp.
You now have 2/8 mp.
Casting: Magic Dart (safe; 6% risk of failure)
Confirm with . or Enter, or press ? or * to list all spells.
Aiming: Magic Dart (safe; 6% risk of failure)
Press: ? - help, Shift-Dir - straight line, f/p - Robin
Aim: Robin, wielding a +2 spear of venom, wearing a +0 animal skin and wearing a +0 helmet (moderately wounded)
The magic dart hits Robin.
Robin is moderately wounded.
You feel sick.
Robin hits you with a +2 spear of venom.
You are more poisoned.
You take 4 damage, and have 11/35 hp.
You now have 1/8 mp.
Casting: Magic Dart (safe; 6% risk of failure)
Confirm with . or Enter, or press ? or * to list all spells.
Aiming: Magic Dart (safe; 6% risk of failure)
Press: ? - help, Shift-Dir - straight line, f/p - Robin
Aim: Robin, wielding a +2 spear of venom, wearing a +0 animal skin and wearing a +0 helmet (moderately wounded)
The magic dart hits Robin.
Robin is heavily wounded.
* * * LOW HITPOINT WARNING * * *
You feel sick. Robin closely misses you.
You take 2 damage, and have 9/35 hp.
You now have 0/8 mp.
Unknown command.
Unknown command.
Casting: Magic Dart (safe; 6% risk of failure)
Confirm with . or Enter, or press ? or * to list all spells.
You don't have enough magic to cast that spell.
Unknown command.
Unknown command.
Unknown command.
Okay, then.
Unknown command.
Unknown command.
Unknown command.
You feel protected.
* * * LOW HITPOINT WARNING * * *
You feel sick. Robin hits you but does no damage.
You take 2 damage, and have 7/35 hp.
Unknown command.
Unknown command.
Unknown command.
Unknown command.
You closely miss Robin.
Robin is moderately wounded.
* * * LOW HITPOINT WARNING * * *
You feel sick. Robin hits you but does no damage.
You are more poisoned.
You take 2 damage, and have 5/35 hp.
Unknown command.
Unknown command.
You completely miss Robin.
Robin is moderately wounded.
* * * LOW HITPOINT WARNING * * *
You feel sick. Robin barely misses you.
You take 2 damage, and have 3/35 hp.
Unknown command.
Unknown command.
Unknown command.
You hit Robin.
Robin is severely wounded.
You die...

.......()......##..#
##..##.##.....#.#..#
#.###.##..........#
#.# #..)..........#
#.# ####.........##
#^######.........#
##...............##
................g#
########........@#
#########.#.#.####
#...........#.##
#.#######.##...##
..# #.#.....# ###
#.#.....# #.#.(...#
#.##...## #)###.##


You could see Robin.

Vanquished Creatures
  2 dart slugs (D:1)
  3 bats (D:1)
  2 giant cockroaches (D:1)
  5 goblins (D:1)
  6 hobgoblins (D:1)
  3 jackals (D:1)
  2 frilled lizards (D:1)
  5 kobolds (D:1)
  4 rats (D:1)
32 creatures vanquished.

Notes
Turn   | Place    | Note
-------+----------+-------------------------------------------
     0 | D:1      | Mgcat the Ogre Wizard began the quest for the Orb.
     0 | D:1      | Reached XP level 1. HP: 16/16 MP: 5/5
    55 | D:1      | Reached skill level 1 in Conjurations
   290 | D:1      | Reached skill level 1 in Fighting
   290 | D:1      | Reached XP level 2. HP: 25/27 MP: 2/6
   640 | D:1      | Reached skill level 4 in Spellcasting
   796 | D:1      | Reached XP level 3. HP: 35/35 MP: 1/8
   801 | D:1      | Learned a level 3 spell: Conjure Flame
   903 | D:1      | Found a shattered altar of Ashenzari.
   936 | D:1      | Became a worshipper of Ashenzari the Shackled
   953 | D:1      | Reached skill level 2 in Fighting
  1449 | D:2      | Noticed Robin
  1462 | D:1      | HP: 7/35 [poisoned by Robin]
  1464 | D:1      | HP: 3/35 [poisoned by Robin]
  1465 | D:1      | Succumbed to Robin's poison

Skill      XL: |  1  2  3 |
---------------+----------+-----
Conjurations   | 1 |  1.7
Fighting       | 1 2 |  2.2
Spellcasting   | 4 |  4.2
Dodging        | |  1.7
Stealth        | |  1.4
Summonings     | |  0.8
Translocations | |  0.8

Action                   || total
-------------------------++-------
Melee: Spear             ||    29
 Cast: Magic Dart        ||    81
  Use: Scroll            ||     2
       Potion            ||     1
  Eat: Chunk             ||     2
Armor: Robe              ||    15
Dodge: Dodged            ||    33

Levels and vault maps discovered:
D:1:      saegor_arrival_simple_e, layout_loops_ring, minmay_tree_intersection,
          ashenzari_altar_1
D:2:      layout_basic, nicolae_ru_sacrificial_ziggurat,
          chequers_ecumenical_altar_grove, uniq_robin, uniq_terence

Table legend:
 A = Turns spent in this place as a percentage of turns spent in the entire game.
 B = Non-inter-level travel turns spent in this place as a percentage of non-inter-level travel turns spent in the entire game.
 C = Inter-level travel turns spent in this place as a percentage of turns spent in this place.
 D = Turns resting spent in this place as a percentage of non-inter-level travel turns spent in this place.
 E = Turns spent auto-exploring this place as a percentage of non-inter-level travel turns spent in this place.
 F = Non-inter-level travel turns spent in this place divided by the number of levels of this place that you've seen.
                   A       B       C       D       E      F
               +-------+-------+-------+-------+-------+----------------------
         Total | 100.0 | 100.0 |   1.5 |  15.8 |  67.3 | 721.5
       Dungeon | 100.0 | 100.0 |   1.5 |  15.8 |  67.3 | 721.5
               +-------+-------+-------+-------+-------+----------------------

Table legend:
 A = Kills in this place as a percentage of kills in entire the game.
 B = Kills by you in this place as a percentage of kills by you in the entire game.
 C = Kills by friends in this place as a percentage of kills by friends in the entire game.
 D = Other kills in this place as a percentage of other kills in the entire game.
 E = Experience gained in this place as a percentage of experience gained in the entire game.
 F = Experience gained in this place divided by the number of levels of this place that you have seen.
                   A       B       C       D       E      F
               +-------+-------+-------+-------+-------+----------------------
         Total | 100.0 | 100.0 |   N/A |   N/A | 100.0 |  29.0
       Dungeon | 100.0 | 100.0 |   N/A |   N/A | 100.0 |  29.0
               +-------+-------+-------+-------+-------+----------------------
